 Dungeon Crawl Stone Soup version 0.27.1-4-g1640c2035a (webtiles) character file.

Game seed: 1225769918439537724

34 bearlyready the Sneak (level 3, -1/25 HPs)
             Began as a Gnoll Enchanter on Nov 16, 2021.
             Slain by a goblin (3 damage)
             ... led by Robin
             ... on level 1 of the Dungeon.
             The game lasted 00:02:27 (1598 turns).

bearlyready the Sneak (Gnoll Enchanter)             Turns: 1598, Time: 00:02:28

Health: -1/25      AC:  2    Str:  8    XL:     3   Next: 31%
Magic:  8/9        EV: 13    Int: 14    God:
Gold:   18         SH:  0    Dex: 12    Spells: 11/12 levels left

rFire    . . .     SeeInvis .   a - +1 dagger
rCold    . . .     Faith    .   (no shield)
rNeg     . . .     Spirit   .   b - +0 robe
rPois    .         Reflect  .   (no helmet)
rElec    .         Harm     .   (no cloak)
rCorr    .         Rampage  .   (no gloves)
Will     .....                  (no boots)
Stlth    +++.......             (no amulet)
HPRegen  0.08/turn              (no ring)
MPRegen  0.11/turn              (no ring)

@: no status effects
A: fangs 1, strong nose, distributed training
a: no special abilities


You were on level 1 of the Dungeon.
You visited 1 branch of the dungeon, and saw 2 of its levels.

You collected 18 gold pieces.

Inventory:

Hand Weapons
 a - a +1 dagger (weapon)
Missiles
 e - 36 stones
 f - 8 atropa-tipped darts
Armour
 b - a +0 robe (worn)
Scrolls
 c - a scroll of noise {unknown}
 d - 2 scrolls of identify {unknown}


   Skills:
 + Level 0.7 Fighting
 + Level 2.6 Short Blades
 + Level 0.7 Long Blades
 + Level 0.7 Axes
 + Level 0.7 Maces & Flails
 + Level 0.7 Polearms
 + Level 0.7 Staves
 + Level 0.7 Slings
 + Level 0.7 Bows
 + Level 0.7 Crossbows
 + Level 0.7 Throwing
 + Level 0.7 Armour
 + Level 4.5 Dodging
 + Level 6.0 Stealth
 + Level 0.7 Shields
 + Level 0.7 Unarmed Combat
 + Level 5.0 Spellcasting
 + Level 0.5 Conjurations
 + Level 5.4 Hexes
 + Level 0.5 Summonings
 + Level 0.5 Necromancy
 + Level 0.5 Translocations
 + Level 0.5 Transmutations
 + Level 0.5 Fire Magic
 + Level 0.5 Ice Magic
 + Level 0.5 Air Magic
 + Level 0.5 Earth Magic
 + Level 0.5 Poison Magic
 + Level 0.9 Invocations
 + Level 0.7 Evocations


You had 11 spell levels left.
You knew the following spells:

 Your Spells              Type           Power      Damage    Failure   Level
a - Corona                Hex            20%        N/A       1%          1

Your spell library contained the following spells:

 Spells                   Type           Power      Damage    Failure   Level
 Confusing Touch          Hex            18%        N/A       5%          3
 Tukima's Dance           Hex            18%        N/A       5%          3
 Ensorcelled Hibernation  Hex/Ice        22%        N/A       8%          2
 Dazzling Flash           Conj/Hex       22%        N/A       16%         3


Dungeon Overview and Level Annotations

Branches:
Dungeon (2/15)

Altars:

Annotations:
D:2 Robin


Innate Abilities, Weirdness & Mutations

You have very sharp teeth.
Your uncanny sense of smell can sniff out nearby items.
Your experience applies equally to all skills.


Message History

Robin throws the goblin at you! The goblin misses you. x2
The goblin hits you with a +0 dagger. x2; The goblin hits you with a +0 club.
There is a stone staircase leading up, spattered with blood here.
The goblin closely misses you.
The goblin hits you with a +0 dagger. x2
The goblin misses you. The goblin barely misses you.
You climb upwards.
There is a stone staircase leading down, spattered with blood here.
You hit the goblin.
The goblin is moderately wounded.
The goblin misses you.
You hit the goblin.
You kill the goblin!
The goblin hits you with a +0 dagger.
Items here: ))))) รทรทรท.
You hit the goblin but do no damage. The goblin completely misses you.
The goblin misses you.
You barely miss the goblin. You bite the goblin, but do no damage.
The goblin hits you but does no damage. The goblin hits you with a +0 dagger.
You hit the goblin but do no damage. The goblin closely misses you.
The goblin hits you with a +0 dagger.
You closely miss the goblin. The goblin closely misses you.
The goblin hits you but does no damage.
You hit the goblin.
The goblin is heavily wounded.
The goblin closely misses you. The goblin hits you with a +0 dagger.
* * * LOW HITPOINT WARNING * * *
You aren't carrying any items that you can evoke.
Aiming: Corona (safe; 1% risk of failure)
Press: ? - help, Q - select action, (/) - cycle Shift-Dir - straight line, f - goblin
Aim: a goblin, wielding a +0 dagger (chance to affect: 73%)
The goblin is outlined in light.
The goblin hits you with a +0 dagger.
* * * LOW HITPOINT WARNING * * *
The goblin hits you but does no damage.
You barely miss the goblin.
The goblin is heavily wounded.
The goblin hits you with a +0 dagger.
* * * LOW HITPOINT WARNING * * *
The goblin hits you with a +0 dagger.
You die...

...##....#### #.(..##.##
#.
##.##..)....###........#
#.
##.##.#..##........##.##
#.
........>#######.######
#. ##.##.#.########.# #.
#.##.#..(......g# #.
#.##.##########g# #.
#.##.# #g# ##. #.##.#
#@# #.. ##.##.# #g# #.#
#.....# #.# #.# #..####
#.##############.#
#....##
#.............##.#
#...#.#
#############.#...
....#.# #.#... .._^#.#
#..... #^^^.## #.....


You could see 4 goblins.

Vanquished Creatures
  2 dart slugs (D:1)
  A giant cockroach (D:1)
  3 hobgoblins (D:1)
  2 jackals (D:1)
  A quokka (D:1)
  4 ball pythons (D:1)
  2 bats (D:1)
  2 frilled lizards (D:1)
  8 goblins (D:1)
  2 kobolds (D:1)
27 creatures vanquished.

Notes
Turn   | Place    | Note
-------+----------+-------------------------------------------
     0 | D:1      | bearlyready the Gnoll Enchanter began the quest for the
                  | Orb.
     0 | D:1      | Reached XP level 1. HP: 13/13 MP: 6/6
   290 | D:1      | Reached XP level 2. HP: 19/19 MP: 7/7
   346 | D:1      | Found a faded altar of an unknown god.
   893 | D:1      | Reached XP level 3. HP: 23/25 MP: 9/9
  1205 | D:2      | Identified the +2 helmet of the Hart {rPois Regen+}
  1205 | D:2      | Noticed Robin
  1211 | D:1      | Reached skill level 5 in Spellcasting
  1371 | D:1      | Reached skill level 6 in Stealth
  1598 | D:1      | Slain by a goblin

Illustrated notes

Levels and vault maps discovered:
D:1:      dpeg_arrival_erosion, layout_loops_ring, ebering_ecumenical_altar_webs
D:2:      layout_loops_cross, kennysheep_jessica_study, uniq_jessica, uniq_robin

Skill      XL: |  1  2  3 |
---------------+----------+-----
Spellcasting   | 5 |  5.0
Stealth        | 6 |  6.0
Fighting       | |  0.7
Short Blades   | |  2.6
Long Blades    | |  0.7
Axes           | |  0.7
Maces & Flails | |  0.7
Polearms       | |  0.7
Staves         | |  0.7
Slings         | |  0.7
Bows           | |  0.7
Crossbows      | |  0.7
Throwing       | |  0.7
Armour         | |  0.7
Dodging        | |  4.5
Shields        | |  0.7
Unarmed Combat | |  0.7
Conjurations   | |  0.5
Hexes          | |  5.4
Summonings     | |  0.5
Necromancy     | |  0.5
Translocations | |  0.5
Transmutations | |  0.5
Fire Magic     | |  0.5
Ice Magic      | |  0.5
Air Magic      | |  0.5
Earth Magic    | |  0.5
Poison Magic   | |  0.5
Invocations    | |  0.9
Evocations     | |  0.7

Action                   || total
-------------------------++-------
Melee: Dagger            ||   127
       Bite              ||     7
 Cast: Corona            ||     1
 Stab: Sleeping          ||     8
Armor: Robe              ||    30
Dodge: Dodged            ||    90
